 Dungeon Crawl Stone Soup version 0.28-a0-407-g69098e2f6d (webtiles) character file.

Game seed: 12437152883543136641

1639 zazu2006 the Magician (level 8, -9/67 HPs)
             Began as a Naga Hedge Wizard on Sept 6, 2021.
             Was an Initiate of Vehumet.
             Mangled by a boulder beetle (53 damage)
             ... on level 6 of the Dungeon.
             The game lasted 00:12:32 (9267 turns).

zazu2006 the Magician (Naga Hedge Wizard)           Turns: 9267, Time: 00:12:32

Health: -9/67      AC:  5    Str: 13    XL:     8   Next: 99%
Magic:  2/16       EV: 10    Int: 16    God:    Vehumet [......]
Gold:   356        SH:  0    Dex: 11    Spells: 9/18 levels left

rFire   . . .      SeeInvis +   l - +0 long sword
rCold   . . .      Faith    .   (no shield)
rNeg    . . .      Spirit   .   j - +0 leather armour
rPois   +          Reflect  .   c - +0 hat
rElec   .          Harm     .   (no cloak)
rCorr   .          Rampage  .   e - +0 pair of gloves
Will    +....                   (no barding)
Stlth   +++.......              (no amulet)
HPRegen 0.21/turn               (no ring)
MPRegen 0.15/turn               (no ring)

@: very slow
A: AC +2, large, see invisible, deformed body, poison resistance, slowness 2,
spit poison 1, naga tail 1
a: Spit Poison, Renounce Religion


You were on level 6 of the Dungeon.
You worshipped Vehumet.
Vehumet was noncommittal.
You visited 1 branch of the dungeon, and saw 6 of its levels.
You also visited: Ossuary.

You collected 356 gold pieces.

Inventory:

Hand Weapons
 a - a +0 dagger
 l - a +0 long sword (weapon)
Armour
 c - a +0 hat (worn)
 e - a +0 pair of gloves (worn)
 j - a +0 leather armour (worn)
Wands
 m - a wand of paralysis (12)
 s - a wand of flame (21)
Scrolls
 b - a scroll of acquirement {unknown}
 f - 2 scrolls of amnesia {unknown}
 h - 2 scrolls of enchant armour {unknown}
 i - 4 scrolls of teleportation {unknown}
 k - 4 scrolls of identify {unknown}
 n - a scroll of enchant weapon {unknown}
 q - a scroll of brand weapon {unknown}
Potions
 d - 2 potions of might {unknown}
 g - a potion of curing {unknown}
 o - 3 potions of mutation {unknown}
 p - a potion of degeneration {unknown}
 r - a potion of heal wounds {unknown}
 t - a potion of attraction {unknown}


   Skills:
 + Level 2.0 Fighting
 + Level 3.9 Long Blades
 + Level 2.3 Armour
 + Level 3.3 Dodging
 + Level 5.4 Stealth
 + Level 5.5 Spellcasting
 + Level 4.6 Conjurations
 + Level 1.0 Summonings
 + Level 1.1 Translocations
 + Level 0.3 Fire Magic
 + Level 0.3 Air Magic
 - Level 5.0 Poison Magic


You had 9 spell levels left.
You knew the following spells:

 Your Spells              Type           Power      Damage    Failure   Level
a - Magic Dart            Conj           76%        1d6       2%          1
b - Mephitic Cloud        Conj/Pois/Air  15%        N/A       14%         3
c - Conjure Flame         Conj/Fire      12%        6-21      21%         3
d - Blink                 Tloc           N/A        N/A       17%         2

Your spell library contained the following spells:

 Spells                   Type           Power      Damage    Failure   Level
 Sting                    Tmut/Pois      48%        1d5       7%          1
 Poisonous Vapours        Pois/Air       26%        N/A       10%         2
 Call Imp                 Summ           7%         N/A       19%         2
 Spider Form              Tmut/Pois      6%         N/A       21%         3
 Olgreb's Toxic Radiance  Pois           20%        N/A       24%         4
 Ensorcelled Hibernation  Hex/Ice        8%         N/A       28%         2
 Slow                     Hex            4%         N/A       28%         2


Dungeon Overview and Level Annotations

Branches:
Dungeon (6/15)            Ossuary (visited)
 Temple: D:4-7

Altars:
Ashenzari
Cheibriados
Elyvilon
Hepliaklqana
Vehumet
Beogh

Annotations:
D:3 3 runed translucent doors, ThrustWizard's ghost, amateur OgCA
D:6 1 runed translucent door, Dittersdorf's ghost, novice GrFi


Innate Abilities, Weirdness & Mutations

Your serpentine skin is tough. (AC +2)
You have supernaturally acute eyesight. (SInv)
Armour fits poorly on your strangely shaped body.
Your system is resistant to poisons. (rPois)
You cover ground very slowly.
You can spit poison.
You have a snake-like lower body.


Message History

The killer bee zombie hits you.
The boulder beetle curls into a ball and begins rolling!
The killer bee zombie hits you but does no damage. x2
You completely miss the killer bee zombie.
The killer bee zombie is severely damaged.
The killer bee zombie closely misses you.
The killer bee zombie hits you but does no damage.
You slash the killer bee zombie!
The killer bee zombie is almost destroyed.
The killer bee zombie barely misses you.
The boulder beetle stops rolling and uncurls.
The killer bee zombie hits you but does no damage.
Casting: Mephitic Cloud (dangerous; 14% risk of failure)
Confirm with . or Enter, or press ? or * to list all spells.
Aiming: Mephitic Cloud (dangerous; 14% risk of failure)
Press: ? - help, Shift-Dir - straight line, f/p - boulder beetle
Aim: a boulder beetle (moderately wounded, chance to affect: 43%)
The ball explodes into a vile cloud!
The stinking cloud engulfs the killer bee zombie but does no damage.
The killer bee zombie is almost destroyed.
The stinking cloud engulfs you but does no damage.
The stinking cloud engulfs the boulder beetle but does no damage.
The boulder beetle is moderately wounded.
The killer bee zombie misses you.
The boulder beetle is engulfed in noxious fumes.
Unknown command.
Unknown command.
Casting: Mephitic Cloud (dangerous; 14% risk of failure)
Confirm with . or Enter, or press ? or * to list all spells.
The fire begins to smoulder!
The boulder beetle is engulfed in noxious fumes.
The boulder beetle bites you but does no damage.
The boulder beetle smothers the flame.
Casting: Conjure Flame (dangerous; 21% risk of failure)
Confirm with . or Enter, or press ? or * to list all spells.
You blink.
The boulder beetle curls into a ball and begins rolling!
The boulder beetle hits you!!!
Ouch! That really hurt!
You die...

##### #...##
.....################
................@BZ.#
.....#.############°#
#...##.# #.# ######.#
#Z# ## ##.## #.#
.###..# ###########.#
#...#.###...........#
######....#########.#
###### ##.##


You could see a boulder beetle (rolling) and a killer bee zombie.

Vanquished Creatures
  Menkaure (D:5)
  An orc warrior (D:6)
  A black bear (D:5)
  A necrophage (D:6)
  A phantom (D:5)
  2 elf zombies (Ossuary)
  A bullfrog (D:6)
  3 scorpions
  2 human zombies (Ossuary)
  A jelly (D:3)
  5 orc priests
  A bullfrog skeleton (D:4)
  2 hounds
  3 centaur zombies (Ossuary)
  Jessica (D:2)
  An iguana (D:6)
  3 hound zombies
  2 hound skeletons
  4 mummies
  8 adders
  2 white imps
  4 adder zombies
  An adder skeleton (D:4)
  A worm (D:2)
  A dart slug (D:3)
  8 orcs
  6 endoplasms
  5 giant cockroaches
  2 gnoll zombies (Ossuary)
  9 goblins
  3 hobgoblins
  3 jackals (D:3)
  11 kobolds
  6 quokkas
  9 ball pythons
  3 bats
  7 frilled lizards
  3 goblin zombies (Ossuary)
  2 hobgoblin zombies (Ossuary)
  2 jackal zombies (Ossuary)
  4 kobold zombies (Ossuary)
  An orc zombie (Ossuary)
  4 quokka zombies (Ossuary)
  4 rats
  3 rat zombies (Ossuary)
148 creatures vanquished.

Notes
Turn   | Place    | Note
-------+----------+-------------------------------------------
     0 | D:1      | zazu2006 the Naga Hedge Wizard began the quest for the Orb.
     0 | D:1      | Reached XP level 1. HP: 15/15 MP: 4/4
   367 | D:1      | Reached XP level 2. HP: 22/22 MP: 1/6
   803 | D:1      | Found a faded altar of an unknown god.
   977 | D:1      | Reached XP level 3. HP: 27/28 MP: 6/8
  1477 | D:1      | Learned a level 3 spell: Mephitic Cloud
  1481 | D:1      | Learned a level 3 spell: Conjure Flame
  1484 | D:1      | Learned a level 2 spell: Blink
  1935 | D:2      | Noticed Jessica
  1944 | D:2      | Killed Jessica
  1945 | D:2      | Reached XP level 4. HP: 33/36 MP: 1/10
  2229 | D:2      | Reached skill level 1 in Poison Magic
  2709 | D:3      | Reached XP level 5. HP: 26/42 MP: 1/11
  3510 | D:3      | Found a runed translucent gate.
  3510 | D:3      | Found a runed translucent gate.
  3513 | D:3      | Found a runed translucent gate.
  3514 | D:3      | Noticed ThrustWizard's ghost (amateur OgCA)
  4462 | D:4      | Reached XP level 6. HP: 39/50 MP: 4/12
  5130 | D:4      | Found a hazy altar of Hepliaklqana.
  5130 | D:4      | Found a faded altar of an unknown god.
  5136 | D:4      | Found a white marble altar of Elyvilon.
  5138 | D:4      | Found a faded altar of an unknown god.
  5140 | D:4      | Found a snail-covered altar of Cheibriados.
  5167 | D:5      | Entered Level 5 of the Dungeon
  5168 | D:5      | Found a broken altar of Ashenzari.
  5215 | D:5      | Found a sand-covered staircase.
  5251 | Ossuary  | Entered an ossuary
  5579 | Ossuary  | Reached skill level 1 in Armour
  5601 | Ossuary  | Reached skill level 1 in Fighting
  5601 | Ossuary  | Reached XP level 7. HP: 36/57 MP: 3/14
  5725 | Ossuary  | Reached skill level 1 in Long Blades
  7440 | D:5      | Noticed Menkaure
  7495 | D:5      | Killed Menkaure
  7496 | D:5      | Reached XP level 8. HP: 42/66 MP: 4/15
  7653 | D:5      | Reached skill level 5 in Spellcasting
  8567 | D:6      | Found a radiant altar of Vehumet.
  8601 | D:6      | Became a worshipper of Vehumet
  8917 | D:6      | Found a runed translucent door.
  8930 | D:6      | Noticed Dittersdorf's ghost (novice GrFi)
  9012 | D:6      | Reached skill level 5 in Stealth
  9017 | D:6      | Reached skill level 5 in Poison Magic
  9233 | D:6      | Noticed a boulder beetle
  9267 | D:6      | Mangled by a boulder beetle

Illustrated notes

Levels and vault maps discovered:
D:1:      erik_arrival_orb_chamber, layout_basic,
          shapermc_ecumenical_altar_pompeii
D:2:      layout_loops_ring, uniq_jessica
D:3:      layout_basic, biasface_ghost_orc_armoury, uniq_crazy_yiuf_cottage
D:4:      layout_rooms, chequers_temple_overflow_minitemple
D:5:      layout_loops_corners, ashenzari_altar_1, gup_ossuary_entry_pyramid,
          uniq_menkaure
D:6:      layout_loops_ring, mainiacjoe_overflow_brackets,
          minmay_temple_entry_antechambers, ebering_ghost_sewer_d,
          lexackson_kobold_supper

Skill      XL: |  1  2  3  4  5  6  7  8 |
---------------+-------------------------+-----
Dodging        | 2 3 |  3.3
Spellcasting   | 4 5 |  5.5
Poison Magic   | 1 2 3 4 5 |  5.0
Conjurations   | 2 3 4 |  4.6
Armour         | 1 2 |  2.3
Fighting       | 1 2 |  2.0
Long Blades    | 3 |  3.9
Stealth        | 5 |  5.4
Summonings     | |  1.0
Translocations | |  1.1
Fire Magic     | |  0.3
Air Magic      | |  0.3

Action                   |  1- 3 |  4- 6 |  7- 9 || total
-------------------------+-------+-------+-------++-------
Melee: Dagger            |    10 |     3 |       ||    13
       Long sword        |       |    51 |   211 ||   262
 Cast: Magic Dart        |    87 |   170 |    93 ||   350
       Conjure Flame     |       |     2 |    10 ||    12
       Blink             |       |     2 |     6 ||     8
       Mephitic Cloud    |       |       |    10 ||    10
 Abil: Spit Poison       |    13 |     7 |    11 ||    31
Evoke: Wand              |       |     1 |       ||     1
 Stab: Paralysed         |       |     1 |       ||     1
       Confused          |       |       |     3 ||     3
       Sleeping          |       |       |     2 ||     2
Armor: Robe              |       |     2 |       ||     2
       Leather armour    |       |    31 |    97 ||   128
Dodge: Dodged            |    12 |    63 |   132 ||   207

Table legend: (Time is in decaauts)
 A = Elapsed time spent in this place.
 B = Non-inter-level travel time spent in this place.
 C = Inter-level travel time spent in this place.
 D = Time resting spent in this place.
 E = Time spent auto-exploring this place.
 F = Levels seen in this place.
 G = Mean time per level.
                   A        B        C        D        E       F      G
               +--------+--------+--------+--------+--------+-----+--------+
         Total |  10840 |  10547 |    293 |   1024 |   8035 |   7 | 1548.6 |
       Dungeon |   9098 |   8805 |    293 |     96 |   7665 |   6 | 1516.3 |
       Ossuary |   1741 |   1741 |      0 |    928 |    369 |   1 | 1741.0 |
               +--------+--------+--------+--------+--------+-----+--------+

Top non-repeatable levels by time:
     D:3: 2053 daAuts
 Ossuary: 1741 daAuts
     D:5: 1729 daAuts
     D:1: 1663 daAuts
     D:2: 1301 daAuts
     D:6: 1217 daAuts
     D:4: 1132 daAuts
